 Dungeon Crawl Stone Soup version 0.19.0-22-gd96e5fe (webtiles) character file.

78 Gargoyl the Skirmisher (level 4, -2/37 HPs)
             Began as a Demonspawn Abyssal Knight on Nov 19, 2016.
             Was a Follower of Lugonu.
             Slain by a worm (9 damage)
             ... on level 2 of the Dungeon.
             The game lasted 00:02:25 (1134 turns).

Gargoyl the Skirmisher (Demonspawn Abyssal Knight)  Turns: 1134, Time: 00:02:26

Health: -2/37      AC:  8    Str: 12 (13) XL:     4   Next: 15%
Magic:  6/6        EV:  9    Int: 12 (14) God:    Lugonu [*.....]
Gold:   92         SH:  0    Dex: 11 (12) Spells: 0 memorised, 3 levels left

rFire  . . .     SeeInvis .     a - +1 hand axe
rCold  . . .     Gourm    .     d - +0 scale mail
rNeg   . . .     Faith    .     (no shield)
rPois  .         Spirit   .     (no helmet)
rElec  .         Reflect  .     (no cloak)
rCorr  .         Harm     .     (no gloves)
MR     .....                    (no boots)
Stlth  ..........               (no amulet)
                                (no ring)
                                (no ring)

@: no status effects
A: molten scales 1, spiny 1, rot immunity
a: Depart the Abyss, Renounce Religion


You were on level 2 of the Dungeon.
You worshipped Lugonu.
Lugonu was aware of your devotion.
You were not hungry.

You visited 1 branch of the dungeon, and saw 2 of its levels.
You visited the Abyss 1 time.

You collected 92 gold pieces.

Inventory:

Hand Weapons
 a - a +1 hand axe (weapon)
Armour
 b - a +0 leather armour
 d - a +0 scale mail (worn)
Jewellery
 g - an uncursed ring of protection from magic {unknown}
Wands
 e - a wand of digging (10/24)
Scrolls
 h - a scroll of immolation {unknown}
 j - a scroll of noise {unknown}
 l - a scroll of identify {unknown}
Comestibles
 c - a bread ration
 k - 2 chunks of flesh


   Skills:
 + Level 3.9 Fighting
 + Level 2.2 Axes
 * Level 2.4 Armour
 + Level 1.0 Dodging
 + Level 0.2 Stealth
 * Level 3.2 Invocations


You had 3 spell levels left.
You didn't know any spells.

Dungeon Overview and Level Annotations

Branches:
Dungeon (2/15)

Altars:


Innate Abilities, Weirdness & Mutations

You are partially covered in molten scales. (AC +2)
You are partially covered in sharp spines.
You are immune to rotting.


Message History

Lugonu accepts your kill.
Natasha screams in fury as she dies!
Your Dodging skill increases to level 1!
You have reached level 4!
You feel clever.
Your demonic ancestry asserts itself...
Sharp spines emerge from parts of your body.
You barely miss the worm. The worm barely misses you.
It was a potion of degeneration.
There was something very wrong with that liquid.
You feel weakened.
You feel dopey.
You feel clumsy.
You feel yourself speed up. The worm is struck by your spines.
The worm bites you but does no damage.
You hit the worm but do no damage.
The worm is lightly wounded.
The worm is struck by your spines. The worm bites you.
* * * LOW HITPOINT WARNING * * *
You hit the worm.
The worm is heavily wounded.
The worm is struck by your spines. The worm bites you!
You die...

######.###...#
#. #.#.#
.###+#.## ##
#........# ..
(......#.##.#
##........#.#
#####.##.#.#
#.##)#.##
#..@w...#
#######.#.#
........# ..
........# ##
.........
.........#
..........
........#..
........#..


You could see a worm.

Vanquished Creatures
  Natasha (D:2)
  A gnoll (D:1)
  2 worms (D:2)
  3 dart slugs
  3 bats (D:1)
  3 giant cockroaches
  3 goblins
  A hobgoblin (D:1)
  4 jackals (D:1)
  A quokka (D:2)
  3 frilled lizards (D:1)
  4 kobolds (D:1)
  6 rats (D:1)
35 creatures vanquished.

Notes
Turn   | Place    | Note
-------+----------+-------------------------------------------
     0 | Abyss:1  | Gargoyl the Demonspawn Abyssal Knight began the quest for the Orb.
     0 | Abyss:1  | Reached XP level 1. HP: 18/18 MP: 2/2
    45 | Abyss:2  | Found a corrupted altar of Lugonu.
    54 | Abyss:2  | Noticed a small abomination
    55 | Abyss:2  | Found a corrupted altar of Lugonu.
    79 | D:1      | Escaped the Abyss
   105 | D:1      | Gained mutation: You are partially covered in molten scales. (AC +2) [demonic ancestry]
   105 | D:1      | Reached XP level 2. HP: 8/24 MP: 4/4
   509 | D:1      | Reached * piety under Lugonu
   581 | D:1      | Gained mutation: You are immune to rotting. [demonic ancestry]
   581 | D:1      | Reached XP level 3. HP: 24/30 MP: 5/5
  1107 | D:2      | Noticed Natasha
  1131 | D:2      | Killed Natasha
  1131 | D:2      | Reached skill level 1 in Dodging
  1131 | D:2      | Gained mutation: You are partially covered in sharp spines. [demonic ancestry]
  1131 | D:2      | Reached XP level 4. HP: 7/37 MP: 6/6
  1134 | D:2      | Slain by a worm

Skill      XL: |  1  2  3 |
---------------+----------+-----
Axes           | 2 |  2.2
Armour         | 2 |  2.4
Invocations    | 3 |  3.2
Dodging        | 1 |  1.0
Fighting       | |  3.9
Stealth        | |  0.2

Action                   |  1- 3 |  4- 6 || total
-------------------------+-------+-------++-------
Melee: Hand axe          |   130 |     2 ||   132
Invok: Depart the Abyss  |     1 |       ||     1
  Use: Scroll            |     1 |       ||     1
       Potion            |     1 |     1 ||     2
  Eat: Chunk             |     1 |       ||     1
Armor: Scale mail        |    93 |     1 ||    94
Dodge: Dodged            |    64 |     1 ||    65
